 Dungeon Crawl Stone Soup version 0.28.0-43-g3370ac3207 (webtiles) character file.

Game seed: 8929958031282545727

117 pkoi the Ruffian (level 4, -1/36 HPs)
             Began as a Demigod Gladiator on Mar 28, 2022.
             Slain by a gnoll
             ... wielding a +0 flail
              (9 damage)
             ... on level 1 of the Dungeon.
             The game lasted 00:05:04 (3543 turns).

pkoi the Ruffian (Demigod Gladiator)                Turns: 3543, Time: 00:05:05

Health: -1/36      AC:  4    Str: 19    XL:     4   Next: 44%
Magic:  6/6        EV: 12    Int: 10    God:
Gold:   130        SH:  0    Dex: 15    Spells: 3/3 levels left

rFire   . . .      SeeInvis .     - Unarmed
rCold   . . .      Faith    .   (no shield)
rNeg    . . .      Spirit   .   a - +0 leather armour
rPois   .          Reflect  .   b - +0 helmet
rElec   .          Harm     .   (no cloak)
rCorr   +          Rampage  .   (no gloves)
Will    .....                   (no boots)
Stlth   +.........              (no amulet)
HPRegen 0.12/turn               h - ring of resist corrosion
MPRegen 0.10/turn               (no ring)

@: no status effects
A: high MP 1, forlorn, divine attributes
a: no special abilities


You were on level 1 of the Dungeon.
You visited 1 branch of the dungeon, and saw 2 of its levels.

You collected 130 gold pieces.

Inventory:

Missiles
 c - 3 throwing nets (quivered)
Armour
 a - a +0 leather armour (worn)
 b - a +0 helmet (worn)
Jewellery
 h - a ring of resist corrosion (left hand)
Potions
 d - a potion of heal wounds {unknown}
 e - 3 potions of magic {unknown}
 f - a potion of brilliance
 j - 2 potions of curing {unknown}


   Skills:
 - Level 1.7 Fighting
 - Level 1.7 Throwing
 - Level 2.6 Dodging
 * Level 5.0 Unarmed Combat


You had 3 spell levels left.
You didn't know any spells.
Your spell library contained the following spells:

 Spells                   Type           Power      Damage    Failure   Level
 Freeze                   Ice            0%         1d3       41%         1
 Frozen Ramparts          Ice            0%         1d2       80%         3
 Hailstorm                Conj/Ice       0%         3d3       99%         4


Dungeon Overview and Level Annotations

Branches:
Dungeon (2/15)

Shops:
D:1 **[?


Innate Abilities, Weirdness & Mutations

You have an increased reservoir of magic. (+10% MP)
You shall have no god before yourself.
Your divine heritage dramatically boosts your attributes as you level up.


Message History

* * * LOW HITPOINT WARNING * * *
The gnoll closely misses you.
There is a stone staircase leading up, spattered with blood here.
Unknown command.
The gnoll hits you but does no damage. The gnoll hits you with a +0 flail.
* * * LOW HITPOINT WARNING * * *
You climb upwards.
There is a stone staircase leading down here.
Unknown command.
You hit the gnoll but do no damage. The gnoll hits you with a +0 club.
* * * LOW HITPOINT WARNING * * *
You completely miss the gnoll. The gnoll hits you with a +0 club.
* * * LOW HITPOINT WARNING * * *
You closely miss the gnoll. The gnoll hits you with a +0 club.
* * * LOW HITPOINT WARNING * * *
You hit the gnoll but do no damage. You hit the gnoll but do no damage.
The gnoll barely misses you.
You hit the gnoll but do no damage. The gnoll misses you.
You hit the gnoll.
The gnoll is lightly wounded.
The gnoll misses you.
You hit the gnoll.
The gnoll is heavily wounded.
The gnoll hits you but does no damage.
You punch the gnoll!
You kill the gnoll!
Your Unarmed Combat skill increases to level 5!
You hit the gnoll.
The gnoll is lightly wounded.
You hit the gnoll.
The gnoll is heavily wounded.
The gnoll misses you.
You closely miss the gnoll.
The gnoll is heavily wounded.
The gnoll hits you with a +0 flail!
* * * LOW HITPOINT WARNING * * *
You hit the gnoll.
The gnoll is severely wounded.
The gnoll hits you with a +0 flail!
You die...

###)#......................#
.#..#...######......######.#
.#>.#......................#
....#...##..##......##..##.#
....#......................#
.#..############><##########
.##.#........###### #.#
###...##........######.##########
###............g@.........[.....#
..#..###...#....######.####.....#
#...###...........####..###.....#
.∩.###...................†......#
#....#...........####..#.)#.....#
.....#...........# ###..........#
......#.........####...#........#
...........#...####..##..########
.....#..............#....######


You could see a gnoll.

Vanquished Creatures
  2 gnolls
  4 adders (D:2)
  A worm (D:2)
  3 dart slugs
  7 ball pythons
  4 bats
  5 endoplasms (D:1)
  4 giant cockroaches
  4 goblins
  4 hobgoblins
  2 quokkas (D:1)
  2 frilled lizards (D:2)
  5 kobolds
  7 rats
54 creatures vanquished.

Vanquished Creatures (others)
  11 plants (D:2)
11 creatures vanquished.

Grand Total: 65 creatures vanquished

Notes
Turn   | Place    | Note
-------+----------+-------------------------------------------
     0 | D:1      | pkoi the Demigod Gladiator began the quest for the Orb.
     0 | D:1      | Reached XP level 1. HP: 17/17 MP: 3/3
   169 | D:1      | Reached skill level 3 in Unarmed Combat
   494 | D:1      | Reached XP level 2. HP: 22/24 MP: 4/4
   632 | D:1      | Found Suffis's Magic Scroll Emporium.
   849 | D:1      | Found Dasieleo's Armour Shop.
  1141 | D:1      | Found Xiugayc's Assorted Antiques.
  1268 | D:1      | Reached XP level 3. HP: 28/29 MP: 5/5
  1335 | D:1      | Found Ateisi's Assorted Antiques.
  1439 | D:2      | HP: 1/29 [worm (9)]
  1441 | D:2      | Reached skill level 4 in Unarmed Combat
  2677 | D:2      | Reached XP level 4. HP: 25/36 MP: 6/6
  3514 | D:1      | Reached skill level 5 in Unarmed Combat
  3543 | D:1      | Slain by a gnoll

Illustrated notes

Levels and vault maps discovered:
D:1:      dpeg_arrival_line_fractal, layout_rooms,
          ebering_ecumenical_altar_hall, serial_shops, shop, shop, shop,
          nicolae_shop_overgrown_old_shop
D:2:      layout_basic, kennysheep_path_1, amcnicky_mini_corridor_feature,
          serial_bayou_pond_c, minmay_cupped

Skill      XL: |  1  2  3  4 |
---------------+-------------+-----
Unarmed Combat | 3 4 5 |  5.0
Fighting       | |  1.7
Throwing       | |  1.7
Dodging        | |  2.6

Action                   |  1- 3 |  4- 6 || total
-------------------------+-------+-------++-------
Melee: Unarmed           |   159 |    42 ||   201
       Punch             |     1 |     1 ||     2
  Use: Scroll            |     3 |       ||     3
 Stab: Sleeping          |     1 |       ||     1
Armor: Leather armour    |    45 |    14 ||    59
Dodge: Dodged            |    86 |    26 ||   112
